 Dungeon Crawl Stone Soup version 0.30-a0-862-g1aabd4f9c5 (webtiles) character file.

Game seed: 17462504697486854381

403 luigi the Digger (level 6, -5/41 HPs)
             Began as a Demonspawn Earth Elementalist on Mar 10, 2023.
             Slain by a gnoll
             ... wielding a +0 whip
             ... led by a gnoll bouda
              (8 damage)
             ... on level 4 of the Dungeon.
             The game lasted 00:03:18 (3475 turns).

luigi the Digger (Demonspawn Earth Elementalist)    Turns: 3475, Time: 00:03:19

Health: -5/41      AC:  7    Str: 11    XL:     6   Next: 55%
Magic:  2/9        EV: 12    Int: 25    God:
Gold:   229        SH:  0    Dex: 13    Spells: 5/9 levels left

rFire   . . .      SeeInvis .    t - +11 dagger of the Sky {heavy, Str+3}
rCold   . . .      Faith    .    (no shield)
rNeg    . . .      Spirit   .    a - +0 robe
rPois   .          Reflect  .    f - +0 helmet
rElec   .          Rampage  .    (no cloak)
rCorr   .                        m - +0 pair of gloves
Will    .....                    e - +0 pair of boots
Stlth   ++                       (no amulet)
HPRegen 0.26/turn                h - +6 ring of intelligence
MPRegen 0.11/turn                (no ring)

@: no status effects
A: thin metallic scales 1, powered by pain 1
a: no special abilities


You were on level 4 of the Dungeon.
You visited 1 branch of the dungeon, and saw 4 of its levels.

You collected 229 gold pieces.

Inventory:

Hand Weapons
 t - the +11 dagger of the Sky (weapon) {heavy, Str+3}
   (You found it on level 3 of the Dungeon)

   Str:       It affects your strength (+3).
Armour
 a - a +0 robe (worn)
 e - a +0 pair of boots (worn)
 f - a +0 helmet (worn)
 m - a +0 pair of gloves (worn)
Jewellery
 h - a +6 ring of intelligence (left hand)
Wands
 u - a wand of flame (19)
Scrolls
 c - 7 scrolls of identify {unknown}
 d - a scroll of amnesia {unknown}
 g - 2 scrolls of teleportation {unknown}
 i - a scroll of immolation {unknown}
 j - a scroll of enchant armour {unknown}
 k - 3 scrolls of poison {unknown}
 n - a scroll of noise {unknown}
 o - a scroll of blinking {unknown}
 p - 4 scrolls of fear {unknown}
 r - a scroll of magic mapping {unknown}
Potions
 b - a potion of magic
 l - a potion of mutation {unknown}
 q - a potion of lignification {unknown}
 s - a potion of attraction {unknown}
 v - a potion of brilliance {unknown}
 w - a potion of curing {unknown}


   Skills:
 - Level 1.7 Dodging
 - Level 1.7 Stealth
 - Level 2.0 Spellcasting
 - Level 2.0 Conjurations
 - Level 0.8 Transmutations
 + Level 6.5 Earth Magic


You had 5 spell levels left.
You knew the following spells:

 Your Spells              Type           Power      Damage    Failure   Level
a - Sandblast             Erth           70%        2d15      1%          1
b - Stone Arrow           Conj/Erth      46%        3d9       6%          3

Your spell library contained the following spells:

 Spells                   Type           Power      Damage    Failure   Level
 Passwall                 Tmut/Erth      16%        N/A       3%          2
 Petrify                  Tmut/Erth      20%        N/A       24%         4


Dungeon Overview and Level Annotations

Branches:
Dungeon (4/15)
 Temple: D:4-7

Altars:
Okawaru

Shops:
D:1 !


Innate Abilities, Weirdness & Mutations

You are partially covered in thin metallic scales. (AC +2)
You sometimes gain a little power by taking damage.


Message History

You barely miss the gnoll bouda.
The gnoll bouda is heavily wounded.
The gnoll is no longer moving quickly.
The gnoll bouda barely misses you.
You hit the gnoll bouda.
The gnoll bouda is heavily wounded.
The gnoll bouda hits you but does no damage.
You puncture the gnoll bouda!
The gnoll bouda is almost dead.
The gnoll bouda closely misses you.
The gnoll bouda utters an invocation to its god.
The gnoll bouda is healed somewhat.
You barely miss the gnoll bouda.
The gnoll bouda is heavily wounded.
The gnoll bouda hits you with a +0 whip.
* * * LOW HITPOINT WARNING * * *
You hit the gnoll bouda but do no damage.
The gnoll bouda is heavily wounded.
The gnoll bouda misses you.
The gnoll bouda hits you with a +0 whip.
* * * LOW HITPOINT WARNING * * *
You hit the gnoll bouda.
The gnoll bouda is almost dead.
The gnoll bouda barks out a call to the hunt!
The gnoll picks up the pace!
You closely miss the gnoll bouda.
The gnoll bouda is almost dead.
The gnoll bouda barely misses you. x2
You puncture the gnoll bouda!
You kill the gnoll bouda!
The gnoll hits you but does no damage.
You hit the gnoll.
The gnoll is heavily wounded.
The gnoll hits you with a +0 whip.
* * * LOW HITPOINT WARNING * * *
The gnoll hits you with a +0 whip.
* * * LOW HITPOINT WARNING * * *
You hit the gnoll.
The gnoll is heavily wounded.
The gnoll is no longer moving quickly.
The gnoll hits you with a +0 whip!
You die...

...$ ## ..# .# #
#.# ..#
...###.##..#
#...^.)g..###<
#... #g..g.....
+##...###g###+###.
>.......#g#
........#@###.###
........#.'.._###
........#.###.###
........#.#
..........###+##
.#
#+#######........
..# #.# ##........
..
#.######<........
.#
#.....|..........


You could see 3 gnolls.

Vanquished Creatures
  Grinder (D:4)
  A gnoll bouda (D:4)
  Natasha (thrice) (D:2)
  An adder (D:3)
  2 gnolls (D:4)
  4 worms
  A dart slug (D:1)
  7 ball pythons
  7 bats
  6 endoplasms
  A giant cockroach (D:1)
  2 hobgoblins
  2 jackals (D:2)
  3 quokkas
  3 frilled lizards
  7 goblins
  5 kobolds
  8 rats
64 creatures vanquished.

Notes
Turn   | Place    | Note
-------+----------+-------------------------------------------
     0 | D:1      | luigi the Demonspawn Earth Elementalist began the quest for
                  | the Orb.
     0 | D:1      | Reached XP level 1. HP: 13/13 MP: 3/3
   427 | D:1      | Reached skill level 3 in Earth Magic
   557 | D:1      | Gained mutation: You are partially covered in thin metallic
                  | scales. (AC +2) [demonic ancestry]
   557 | D:1      | Reached XP level 2. HP: 19/19 MP: 3/5
  1085 | D:1      | Found Maong's Distillery.
  1672 | D:2      | Noticed Natasha
  1696 | D:2      | Killed Natasha
  1697 | D:2      | Reached skill level 4 in Earth Magic
  1697 | D:2      | Reached XP level 3. HP: 24/24 MP: 3/6
  2052 | D:2      | Noticed Natasha
  2058 | D:2      | Killed Natasha
  2059 | D:2      | Reached XP level 4. HP: 30/30 MP: 3/7
  2269 | D:2      | Noticed Natasha
  2275 | D:2      | Killed Natasha
  2276 | D:2      | Reached skill level 5 in Earth Magic
  2994 | D:3      | Identified the +11 dagger of the Sky {heavy, Str+3}
  3024 | D:3      | Reached XP level 5. HP: 32/35 MP: 3/8
  3213 | D:3      | Learned a level 3 spell: Stone Arrow
  3228 | D:4      | Noticed Grinder
  3235 | D:4      | Paralysed by Grinder for 2 turns
  3246 | D:4      | Killed Grinder
  3247 | D:4      | Reached skill level 6 in Earth Magic
  3247 | D:4      | Gained mutation: You sometimes gain a little power by
                  | taking damage. [demonic ancestry]
  3247 | D:4      | Reached XP level 6. HP: 35/41 MP: 2/9
  3445 | D:4      | Found an iron altar of Okawaru.
  3475 | D:4      | Slain by a gnoll

Illustrated notes

Levels and vault maps discovered:
D:1:      dpeg_arrival_circle_labyrinth_c, layout_basic, serial_shops, shop
D:2:      layout_basic, kennysheep_generic_room_13, uniq_natasha
D:3:      layout_loops_cross
D:4:      layout_basic, lemuel_doored_altar, hangedman_abyss_or_decor_stagger,
          nicolae_underground_beach, uniq_grinder

Skill      XL: |  1  2  3  4  5 |
---------------+----------------+-----
Earth Magic    | 3 4 5 6 |  6.5
Conjurations   | 2 |  2.0
Dodging        | |  1.7
Stealth        | |  1.7
Spellcasting   | |  2.0
Transmutations | |  0.8

Action                     |  1- 3 |  4- 6 || total
---------------------------+-------+-------++-------
  Melee: Unarmed           |    19 |       ||    19
         Punch             |     1 |       ||     1
         Dagger            |       |    20 ||    20
   Cast: Sandblast         |    48 |    38 ||    86
         Stone Arrow       |       |     3 ||     3
 Armour: Robe              |    11 |    10 ||    21
  Dodge: Dodged            |    23 |    29 ||    52

Table legend: (Time is in decaauts)
 A = Elapsed time spent in this place.
 B = Non-inter-level travel time spent in this place.
 C = Inter-level travel time spent in this place.
 D = Time resting spent in this place.
 E = Time spent auto-exploring this place.
 F = Levels seen in this place.
 G = Mean time per level.
                   A        B        C        D        E       F      G
               +--------+--------+--------+--------+--------+-----+--------+
         Total |   3543 |   3326 |    217 |      0 |   2864 |   4 |  885.8 |
       Dungeon |   3543 |   3326 |    217 |      0 |   2864 |   4 |  885.8 |
               +--------+--------+--------+--------+--------+-----+--------+

Top non-repeatable levels by time:
     D:1: 1629 daAuts
     D:2: 952 daAuts
     D:3: 684 daAuts
     D:4: 277 daAuts
